 Dungeon Sprint DCSS version 0.31-a0-675-g238779eb0a (webtiles) character file.

Game seed: 9098002586702109183

1343 sircluck the Grappler (level 8, -14/92 HPs)
             Began as a Troll Berserker on Sept 5, 2023.
             Was the Champion of Trog.
             Demolished by a boulder beetle (21 damage)
             ... in the Dungeon (Sprint VII: "The Pits").
             The game lasted 00:01:48 (430 turns).

sircluck the Grappler (Troll Berserker)              Turns: 430, Time: 00:01:48

Health: -14/92     AC:  4    Str: 28    XL:     8   Next: 35%
Magic:  7/7        EV: 12    Int:  3    God:    Trog [******]
Gold:   0          SH:  0    Dex:  9    Spells: 7/7 levels left

rFire   . .          .
                       - Unarmed
rCold   . . .        (no shield)
rNeg    . . .        a - +0 animal skin
rPois   .            (helmet restricted)
rElec   .            (no cloak)
rCorr   .            (gloves unavailable)
SInv    .            (boots unavailable)
Will    .....        (no amulet)
Stlth   +            (no ring)
HPRegen 1.15/turn    (no ring)
MPRegen 0.10/turn

%: no teleportation
@: no status effects
A: large, unfitting armour, claws 3, regeneration 1, shaggy fur 1, tough skin 1
a: Renounce Religion, Berserk, Trog's Hand, Brothers in Arms


You were in the Dungeon.
You worshipped Trog.
Trog was exalted by your worship.
You visited 1 branch

Inventory:

Missiles
 k - 3 boomerangs
 l - 5 poisoned darts (quivered)
Armour
 a - a +0 animal skin (worn)
Scrolls
 i - 2 scrolls of vulnerability
 j - a scroll of summoning
Potions
 b - 6 potions of curing
 c - 3 potions of heal wounds
 d - a potion of haste
 e - 4 potions of magic
 f - 3 potions of berserk rage
 h - 2 potions of invisibility


   Skills:
 + Level 9.6 Fighting
 + Level 9.4 Dodging
 + Level 11.2 Unarmed Combat


You had 7 spell levels left.
You didn't know any spells.
Your spell library was empty.

Dungeon Overview and Level Annotations

Branches:
Dungeon (1/1)

Altars:
Cheibriados
Dithmenos
Elyvilon
Fedhas
Gozag
Hepliaklqana
Makhleb
Nemelex Xobeh
Okawaru
Qazlal
Ru
Sif Muna
Trog
Wu Jian
Xom
Yredelemnul
Zin
The Shining One
Jiyva


Innate Abilities, Weirdness & Mutations

You are too large for most types of armour.
You have claws for hands.
Your natural rate of healing is unusually fast.
You are covered in fur. (AC +1)
You have tough skin. (AC +1)


Message History

The gnoll hits you but does no damage.
You are too injured to fight recklessly!
You are too injured to fight recklessly!
You are too injured to fight recklessly!
You are too injured to fight recklessly!
You are too injured to fight recklessly!
You are too injured to fight recklessly!
You are too injured to fight recklessly!
You are too injured to fight recklessly!
You are too injured to fight recklessly!
You are too injured to fight recklessly!
You are too injured to fight recklessly!
You mangle the gnoll!!
You kill the gnoll!
Trog accepts your kill.
You are too injured to fight recklessly!
The boulder beetle leaps!
There is an open door, spattered with blood here.
Items here: ))))) [ †.
You barely miss the boulder beetle.
The boulder beetle is severely wounded.
You scratch the boulder beetle.
The boulder beetle is almost dead.
The boulder beetle leaps!
There is an open door, spattered with blood here.
Items here: ))))) [ †.
The boulder beetle curls into a ball and begins rolling!
The boulder beetle hits you!!!
* * * LOW HITPOINT WARNING * * *
The boulder beetle stops rolling and uncurls.
There is an open door, spattered with blood here.
Things that are here:
a +2 whip of freezing; a gnoll corpse You scratch the boulder beetle but do no damage.
The boulder beetle is almost dead.
The boulder beetle bites you but does no damage.
You scratch the boulder beetle but do no damage.
The boulder beetle is almost dead.
The boulder beetle bites you!!
You die...

#.#........##.......#
#.#........##.......#
#'###########.......#
#..#.#.## #########
#.......# ######
##.#.#.## #....#
#.......#+#....#
##.#.#.##.)....+
#.......#@#....#
##.#.#..B.#....#
###############


You could see a boulder beetle.

Vanquished Creatures
  Pikel (D)
  A tyrant leech (D)
  An orc warrior (D)
  3 wolves (D)
  2 lemures (D)
  A kobold brigand (D)
  2 scorpions (D)
  A gnoll bouda (D)
  An iguana (D)
  7 gnolls (D)
  2 worms (D)
  4 orcs (D)
  An endoplasm (D)
  5 jackals (D)
  A quokka (D)
  A quokka skeleton (D)
  A rat (D)
35 creatures vanquished.

Notes
Turn   | Place    | Note
-------+----------+-------------------------------------------
     0 | D        | sircluck the Troll Berserker began the quest for the Orb.
     0 | D        | Reached XP level 1. HP: 22/22 MP: 0/0
    39 | D        | Noticed a scorpion
    43 | D        | Killed a scorpion
    44 | D        | Reached skill level 5 in Unarmed Combat
    44 | D        | Reached XP level 2. HP: 17/32 MP: 1/1
    44 | D        | Reached XP level 3. HP: 21/39 MP: 2/2
    89 | D        | Found a bloodstained altar of Trog.
    89 | D        | Found a shimmering blue altar of Sif Muna.
    89 | D        | Found a viscous altar of Jiyva.
    89 | D        | Found a hazy altar of Hepliaklqana.
    89 | D        | Found an opulent altar of Gozag.
    90 | D        | Found a glowing golden altar of the Shining One.
    90 | D        | Found a glowing silver altar of Zin.
    90 | D        | Found a basalt altar of Yredelemnul.
    90 | D        | Found a shimmering altar of Xom.
    90 | D        | Found an ornate altar of the Wu Jian Council.
    90 | D        | Found a sacrificial altar of Ru.
    90 | D        | Found a stormy altar of Qazlal.
    90 | D        | Found an iron altar of Okawaru.
    90 | D        | Found a sparkling altar of Nemelex Xobeh.
    90 | D        | Found a burning altar of Makhleb.
    90 | D        | Found a blossoming altar of Fedhas.
    90 | D        | Found a white marble altar of Elyvilon.
    90 | D        | Found a shadowy altar of Dithmenos.
    90 | D        | Found a snail-covered altar of Cheibriados.
   100 | D        | Reached ** piety under Trog
   109 | D        | Reached XP level 4. HP: 48/49 MP: 3/3
   114 | D        | Reached *** piety under Trog
   114 | D        | Noticed a scorpion
   119 | D        | Killed a scorpion
   120 | D        | Reached skill level 5 in Fighting
   120 | D        | Reached skill level 5 in Dodging
   120 | D        | Reached skill level 6 in Unarmed Combat
   120 | D        | Reached XP level 5. HP: 47/57 MP: 4/4
   124 | D        | Reached **** piety under Trog
   179 | D        | Noticed a lemure
   179 | D        | Noticed a lemure
   179 | D        | Noticed an orc warrior
   191 | D        | Killed a lemure
   200 | D        | Killed a lemure
   209 | D        | Noticed Pikel
   211 | D        | Killed an orc warrior
   212 | D        | Reached skill level 7 in Unarmed Combat
   220 | D        | Reached XP level 6. HP: 26/68 MP: 5/5
   221 | D        | Reached ***** piety under Trog
   230 | D        | Killed Pikel
   231 | D        | Reached skill level 10 in Unarmed Combat
   231 | D        | Reached XP level 7. HP: 59/81 MP: 6/6
   238 | D        | Received a gift from Trog
   281 | D        | Noticed a tyrant leech
   346 | D        | Killed a tyrant leech
   347 | D        | Reached XP level 8. HP: 92/92 MP: 7/7
   381 | D        | Noticed a boulder beetle
   395 | D        | Reached skill level 11 in Unarmed Combat
   417 | D        | Reached ****** piety under Trog
   430 | D        | Demolished by a boulder beetle

Illustrated notes

Levels and vault maps discovered:
D:        pitsprint [storerooms_1, entrance_room_1, metal_vault_4, armoury_2,
          mini_pit_1, grid_room_1, main_hall_1, silver_pit, the_coven_1,
          the_vestibule_1, steel_vault_1, golden_pit, hallway_of_sentries,
          crystal_vault_3, iron_vault_3, final_vault]

Skill      XL: |  1  2  3  4  5  6  7  8 |
---------------+-------------------------+-----
Fighting       | 4 5 6 8 9 |  9.6
Dodging        | 4 5 6 8 9 |  9.4
Unarmed Combat | 5 6 7 10 11 | 11.2

Action                     |  1- 3 |  4- 6 |  7- 9 || total
---------------------------+-------+-------+-------++-------
  Melee: Unarmed           |    10 |    53 |    66 ||   129
         Punch             |     1 |     3 |     5 ||     9
 Invoke: Berserk           |       |     1 |     2 ||     3
    Use: Potion            |       |     3 |       ||     3
         Scroll            |       |       |     1 ||     1
 Armour: Animal skin       |     5 |    25 |    30 ||    60
  Dodge: Dodged            |     7 |    16 |    21 ||    44

Table legend: (Time is in decaauts)
 A = Elapsed time spent in this place.
 B = Non-inter-level travel time spent in this place.
 C = Inter-level travel time spent in this place.
 D = Time resting spent in this place.
 E = Time spent auto-exploring this place.
 F = Levels seen in this place.
 G = Mean time per level.
                   A        B        C        D        E       F      G
               +--------+--------+--------+--------+--------+-----+--------+
         Total |    433 |    433 |      0 |     82 |    110 |   1 |  433.0 |
       Dungeon |    433 |    433 |      0 |     82 |    110 |   1 |  433.0 |
               +--------+--------+--------+--------+--------+-----+--------+

Top non-repeatable levels by time:
       D: 433 daAuts
